 Dungeon Crawl Stone Soup version 0.31-a0-216-g22e908daa7 (webtiles) character file.

Game seed: 7531800462233557140

232 qw the Shooter (level 6, -4/37 HPs)
             Began as a Gargoyle Hexslinger on July 2, 2023.
             Slain by an ogre
             ... wielding a +0 giant club
              (25 damage)
             ... on level 4 of the Dungeon.
             The game lasted 00:01:09 (2371 turns).

qw the Shooter (Gargoyle Hexslinger)                Turns: 2371, Time: 00:01:10

Health: -4/37      AC:  9    Str: 11    XL:     6   Next: 4%
Magic:  7/7        EV: 17    Int: 14    God:
Gold:   120        SH:  0    Dex: 14    Spells: 6/7 levels left

rFire   . . .        Y - +1 sling
rCold   . . .        (no shield)
rNeg    + . .        i - +2 animal skin
rPois   inf          j - +0 helmet
rElec   +            (no cloak)
rCorr   .            (no gloves)
SInv    +            (no boots)
Will    .....        (no amulet)
Stlth   +            f - +5 ring of evasion
HPRegen 0.26/turn    e - ring of see invisible
MPRegen 0.10/turn

%: no passive effects
@: no status effects
A: sickness immunity, AC +4, negative energy resistance 1, electricity
resistance, torment resistance 1, petrification resistance
a: no special abilities


You were on level 4 of the Dungeon.
You visited 1 branch of the dungeon, and saw 4 of its levels.

You collected 120 gold pieces.


Innate Abilities, Weirdness & Mutations

You are immune to sickness and miasma.
Your stone body is resilient. (AC +4)
You are immune to poison.
You resist negative energy. (rN+)
You are resistant to electric shocks. (rElec)
You are resistant to unholy torment.
You are immune to petrification.


   Skills:
 - Level 3.2 Fighting
 + Level 5.3 Ranged Weapons
 - Level 1.5 Dodging
 - Level 1.0 Spellcasting
 - Level 2.6 Hexes


You had 6 spell levels left.
You knew the following spells:

 Your Spells              Type           Power      Damage    Failure   Level
a - Slow                  Hex            32%        N/A       9%          1

Your spell library contained the following spells:

 Spells                   Type           Power      Damage    Failure   Level
 Inner Flame              Hex/Fire       4%         N/A       41%         3
 Portal Projectile        Hex/Tloc       8%         N/A       41%         3
 Cause Fear               Hex            4%         N/A       65%         4

Inventory:

Hand Weapons
 Y - a +1 sling (weapon)
Armour
 i - a +2 animal skin (worn)
 j - a +0 helmet (worn)
Jewellery
 e - a ring of see invisible (right hand)
 f - a +5 ring of evasion (left hand)
Scrolls
 a - 3 scrolls of teleportation
 g - 2 scrolls of identify
Potions
 b - 2 potions of mutation
 c - a potion of magic {unknown}
 d - a potion of curing {unknown}
 m - a potion of might {unknown}

Dungeon Overview and Level Annotations

Branches:
Dungeon (4/15)
 Temple: D:4-7

Altars:
Fedhas
Trog


Message History

The ogre shouts!
The ogre is lightly wounded.
You shoot a sling bullet. The sling bullet hits the ogre.
The ogre is moderately wounded.
You shoot a sling bullet. The sling bullet hits the ogre.
The ogre is moderately wounded.
You shoot a sling bullet.
The sling bullet hits the ogre but does no damage.
The ogre is moderately wounded.
You shoot a sling bullet.
The sling bullet hits the ogre but does no damage.
The ogre is moderately wounded.
You shoot a sling bullet. The sling bullet hits the ogre.
The ogre is heavily wounded.
A hound comes into view.
The ogre completely misses you.
You shoot a sling bullet.
The sling bullet completely misses the ogre.
The sling bullet barely misses the hound.
A giant cockroach comes into view.
You shoot a sling bullet. The sling bullet hits the ogre.
The ogre is heavily wounded.
The ogre misses you.
You shoot a sling bullet. The sling bullet hits the ogre.
The ogre is severely wounded.
The ogre hits you with a +0 giant club!
You shoot a sling bullet.
The sling bullet barely misses the ogre.
The sling bullet hits the hound.
The hound is lightly wounded.
The hound barely misses you. The ogre closely misses you.
You shoot a sling bullet. The sling bullet hits the ogre.
The ogre is severely wounded.
The hound misses you. The hound bites you but does no damage.
You shoot a sling bullet.
The sling bullet barely misses the ogre.
The sling bullet barely misses the giant cockroach.
The ogre hits you with a +0 giant club!!
Ouch! That really hurt!
You die...

####### . ###.....#####
...## ####...........#
......###..........#####
.....BO@...........#
####..h...#.......##
########.......#
#........# #.......##
##.......# #.......##
#.......# ##......##


You could see an ogre, a hound and a giant cockroach.

Vanquished Creatures
  A jelly (D:4)
  A hound (D:4)
  Natasha (twice) (D:2)
  Robin (D:2)
  3 gnolls (D:3)
  4 worms
  A dart slug (D:1)
  4 orcs (D:3)
  6 endoplasms
  11 goblins
  12 hobgoblins
  4 quokkas
  A ball python (D:1)
  2 bats (D:3)
  4 frilled lizards (D:1)
  5 kobolds
  5 rats
67 creatures vanquished.

Notes
Turn   | Place    | Note
-------+----------+-------------------------------------------
     0 | D:1      | qw the Gargoyle Hexslinger began the quest for the Orb.
     0 | D:1      | Reached XP level 1. HP: 12/12 MP: 2/2
     0 | D:1      | 0 ||| qw: Version: 0.3-a-40-ge99b1a8
     0 | D:1      | 0 ||| qw: Game counter: 7917
     0 | D:1      | 0 ||| qw: Melee chars always use a shield: true
     0 | D:1      | 0 ||| qw: God list: Okawaru
     0 | D:1      | 0 ||| qw: Allow faded altars: false
     0 | D:1      | 0 ||| qw: Do Orc after clearing Dungeon:15 true
     0 | D:1      | 0 ||| qw: Do second Lair branch before Depths: true
     0 | D:1      | 0 ||| qw: Lair rune preference: random
     0 | D:1      | 0 ||| qw: Goals: Normal
     0 | D:1      | 0 ||| PLANNING D:1-11
   123 | D:1      | Reached XP level 2. HP: 16/16 MP: 3/3
   161 | D:1      | Reached skill level 3 in Ranged Weapons
   376 | D:1      | Reached XP level 3. HP: 21/21 MP: 4/4
   573 | D:1      | 573 ||| UPGRADING to +5 ring of evasion.
   574 | D:1      | 574 ||| READING scroll labelled RIOL XUSOURIUMUI.
   575 | D:1      | 575 ||| READING scroll labelled ZISA GETHROTH.
   576 | D:1      | 576 ||| DROPPING scroll of poison.
   759 | D:2      | Noticed Natasha
   764 | D:2      | HP: 5/21 [Natasha/magic dart (7)]
   765 | D:2      | Killed Natasha
   896 | D:2      | Reached XP level 4. HP: 26/26 MP: 5/5
   901 | D:2      | Noticed Robin
   907 | D:2      | Killed Robin
   908 | D:2      | Reached skill level 4 in Ranged Weapons
  1086 | D:2      | Identified the +7 flail of Gallantry {freeze, Drain rElec
                  | Int+4 Dex+7}
  1160 | D:2      | Found a faded altar of an unknown god.
  1164 | D:2      | Noticed Natasha
  1172 | D:2      | Killed Natasha
  1422 | D:2      | 1422 ||| UPGRADING to +0 leather armour.
  1432 | D:2      | 1432 ||| DROPPING +0 robe.
  1433 | D:2      | 1433 ||| UPGRADING to +2 animal skin.
  1443 | D:2      | 1443 ||| DROPPING +0 leather armour.
  1444 | D:2      | 1444 ||| UPGRADING to +0 helmet.
  1449 | D:2      | 1449 ||| READING 2 scrolls labelled FOZOIM FAFOUPT.
  1452 | D:2      | 1452 ||| READING scroll labelled ONUENI ZOAGRA.
  1453 | D:2      | 1453 ||| READING 2 scrolls labelled VANEAP JOTYG.
  1500 | D:3      | Reached XP level 5. HP: 27/30 MP: 6/6
  1759 | D:3      | Reached skill level 5 in Ranged Weapons
  1802 | D:3      | Found a blossoming altar of Fedhas.
  1861 | D:3      | Found a bloodstained altar of Trog.
  1936 | D:3      | 1936 ||| UPGRADING to ring of see invisible.
  1937 | D:3      | 1937 ||| READING 3 scrolls labelled YREOGH WORRUPS.
  1958 | D:3      | 1958 ||| DROPPING 2 scrolls of torment.
  2009 | D:4      | Reached skill level 3 in Fighting
  2027 | D:4      | Reached XP level 6. HP: 30/37 MP: 7/7
  2028 | D:4      | 2028 ||| FLEEEEING.
  2029 | D:4      | 2029 ||| FLEEEEING.
  2030 | D:4      | 2030 ||| FLEEEEING.
  2031 | D:4      | 2031 ||| FLEEEEING.
  2032 | D:4      | 2032 ||| FLEEEEING.
  2039 | D:4      | 2039 ||| STAIRDANCE
  2053 | D:3      | 2053 ||| READING scroll labelled ZOTESICRAI.
  2054 | D:3      | 2054 ||| READING scroll labelled MIUSCHUEDOAF.
  2155 | D:3      | 2155 ||| READING scroll labelled OKHLILLIBODD.
  2156 | D:3      | 2156 ||| READING 2 scrolls of identify.
  2156 | D:3      | 2156 ||| IDENTIFYING glowing yellow potion
  2371 | D:4      | Slain by an ogre

Levels and vault maps discovered:
D:1:      dpeg_arrival_brainrot, layout_basic
D:2:      layout_loops_ring, ebering_ecumenical_altar_ruins, dk_noncrumbling_2,
          uniq_natasha, uniq_robin
D:3:      layout_basic, lightli_temple_of_fire, fedhas_altar_2
D:4:      layout_layer_cave, minmay_crystal_room

Skill      XL: |  1  2  3  4  5 |
---------------+----------------+-----
Ranged Weapons | 3 4 5 |  5.3
Fighting       | 2 3 |  3.2
Dodging        | |  1.5
Spellcasting   | |  1.0
Hexes          | |  2.6

Action                     |  1- 3 |  4- 6 || total
---------------------------+-------+-------++-------
   Fire: Sling             |    77 |   205 ||   282
    Use: Scroll            |     2 |     8 ||    10
 Armour: Robe              |     3 |     1 ||     4
         Animal skin       |       |    16 ||    16
  Dodge: Dodged            |    20 |    97 ||   117

Table legend:
 A = Non-vault XP
 B = Vault XP
 C = Vault XP percentage of total XP
 D = Non-vault monster count
 E = Vault monster count
 F = Vault count percentage of total count
                 A         B        C        D         E       F
            +---------+---------+-------+---------+---------+-------
      Total |     261 |      71 |  21.4 |      55 |      12 |  17.9
            +---------+---------+-------+---------+---------+-------
        D:1 |      37 |       5 |  11.9 |      21 |       1 |   4.5
        D:2 |      50 |      66 |  56.9 |      10 |      11 |  52.4
        D:3 |      84 |       0 |   0.0 |      19 |       0 |   0.0
        D:4 |      90 |       0 |   0.0 |       5 |       0 |   0.0
            +---------+---------+-------+---------+---------+-------
